 Dungeon Crawl Stone Soup version 0.30.1-11-g7821555f0a (webtiles) character file.

Game seed: 5366671485010966616

56 Alfie the Trooper (level 3, -1/33 HPs)
             Began as a Hill Orc Fighter on Nov 21, 2023.
             Succumbed to a goblin's poison
             ... on level 2 of the Dungeon.
             The game lasted 00:02:40 (1190 turns).

Alfie the Trooper (Hill Orc Fighter)                Turns: 1190, Time: 00:02:40

Health: -1/33      AC:  7    Str: 20    XL:     3   Next: 95%
Magic:  3/3        EV:  9    Int:  8    God:
Gold:   34         SH:  4    Dex: 10    Spells: 2/2 levels left

rFire   . . .        a - +0 rapier
rCold   . . .        c - +0 buckler
rNeg    . . .        b - +0 scale mail
rPois   .            (no helmet)
rElec   .            (no cloak)
rCorr   .            (no gloves)
SInv    .            (no boots)
Will    .....        (no amulet) Stlth
                     (no ring)
HPRegen 0.25/turn    (no ring)
MPRegen 0.08/turn

%: no passive effects
@: lethally poisoned (-1 -> -13)
A: no striking features
a: no special abilities


You were on level 2 of the Dungeon.
You visited 1 branch of the dungeon, and saw 2 of its levels.

You collected 34 gold pieces.

Inventory:

Hand Weapons
 a - a +0 rapier (weapon)
Armour
 b - a +0 scale mail (worn)
 c - a +0 buckler (worn)
Jewellery
 l - an amulet of regeneration
Scrolls
 e - 2 scrolls of poison {unknown}
 f - a scroll of vulnerability {unknown}
 g - 3 scrolls of identify {unknown}
 i - a scroll of magic mapping {unknown}
 j - a scroll of enchant weapon {unknown}
 k - 2 scrolls of blinking {unknown}
 n - a scroll of noise {unknown}
Potions
 d - a potion of might
 h - a potion of heal wounds {unknown}
 m - a potion of ambrosia {unknown}
 o - a potion of berserk rage {unknown}
 p - a potion of lignification {unknown}
 q - a potion of flight {unknown}


   Skills:
 + Level 4.1 Fighting
 + Level 2.7 Short Blades
 + Level 4.0 Armour
 + Level 3.8 Shields


You had 2 spell levels left.
You didn't know any spells.
Your spell library was empty.

Dungeon Overview and Level Annotations

Branches:
Dungeon (2/15)

Altars:

Annotations:
D:2 Robin


Message History

The goblin hits you but does no damage. x2
You are poisoned.
Robin closely misses you. The goblin hits you but does no damage.
You hit Robin.
Robin is moderately wounded.
You feel very sick. The goblin hits you with a +0 club.
Robin hits you with a +0 dagger. The goblin misses you.
The goblin barely misses you.
You hit Robin.
Robin is heavily wounded.
You feel sick.
The goblin no longer looks unusually strong.
You block the goblin's attack. The goblin hits you but does no damage.
You are more poisoned.
You block the goblin's attack.
You barely miss the goblin.
You feel very sick. The goblin hits you with a +0 club. The goblin misses you.
You block the goblin's attack.
You completely miss the goblin.
You feel sick. You block the goblin's attack. The goblin barely misses you.
The goblin hits you but does no damage. Robin closely misses you.
You hit the goblin.
You kill the goblin!
You feel sick. The goblin barely misses you.
The goblin hits you with a +0 dagger.
* * * LOW HITPOINT WARNING * * *
Robin roars a battlecry!
The goblin goes into a battle-frenzy!
The giant cockroach waves its antennae.
You feel sick.
The goblin hits you with a +2 dagger of venom.
* * * LOW HITPOINT WARNING * * *
You are lethally poisoned!
You see here a +0 club.
* * * LOW HITPOINT WARNING * * *
You feel very sick. You block the goblin's attack.
Robin attacks as you move away! You block Robin's attack.
You die...

#.####..#.....#
.#.##.####.......##
.#.......##.######
.....##.##.##.#
...#. #.##)##.# ..
#.##...)...#
#.###.g####.####
.....gg####.###
.....Bggg.@...#
......##g#..#.#
..... #.....#.#
<... #.....# # ...
##.#..# ## .......
......### ######.#


You could see Robin, a giant cockroach and 5 goblins.

Vanquished Creatures
  3 dart slugs (D:1)
  5 endoplasms
  3 giant cockroaches (D:1)
  8 goblins
  9 hobgoblins
  A quokka (D:1)
  3 ball pythons (D:1)
  3 bats
  4 frilled lizards
  2 kobolds (D:1)
  4 rats
45 creatures vanquished.

Notes
Turn   | Place    | Note
-------+----------+-------------------------------------------
     0 | D:1      | Alfie the Hill Orc Fighter began the quest for the Orb.
     0 | D:1      | Reached XP level 1. HP: 19/19 MP: 1/1
   221 | D:1      | Reached XP level 2. HP: 26/27 MP: 2/2
   467 | D:1      | Reached XP level 3. HP: 30/33 MP: 3/3
  1166 | D:2      | Noticed Robin
  1190 | D:2      | Succumbed to a goblin's poison

Illustrated notes

Levels and vault maps discovered:
D:1:      elethiomel_arrival_infinity_welcomes_careful_drivers, layout_rooms,
          minmay_heptomino_d4
D:2:      layout_loops_cross, serial_bayou_pond_d, minivault_25, st_stairs_3,
          minmay_misc_feat_encased, uniq_robin

Skill      XL: |  1  2  3 |
---------------+----------+-----
Fighting       | 4 |  4.1
Armour         | 4 |  4.0
Short Blades   | |  2.7
Shields        | |  3.8

Action                     || total
---------------------------++-------
  Melee: Rapier            ||   178
 Armour: Scale mail        ||    65
  Dodge: Dodged            ||    93
  Block: Buckler           ||    53
